 Dungeon Sprint DCSS version 0.17.2-1-ge4368a0 (webtiles) character file.

147 mopl the Covert (level 5, -9/37 HPs)
             Began as a Spriggan Assassin on Aug 23, 2016.
             Was an Initiate of Trog.
             Splashed by an oklob sapling's acid (16 damage)
             ... in the Dungeon (Sprint IV: "Fedhas' Mad Dash").
             The game lasted 00:00:50 (105 turns).

mopl the Covert (Spriggan Assassin)                  Turns: 105, Time: 00:00:51

Health: -9/37      AC: -1    Str: 12    XL:     5   Next: 8%
Magic:  6/15       EV: 17    Int: 12    God:    Trog [......]
Gold:   31         SH:  0    Dex: 19    Spells: 0 memorised, 4 levels left

rFire  . . .     SeeInvis +     a - +2 dagger
rCold  . . .     Clarity  .     c - +0 robe
rNeg   . . .     SustAt   .     (shield restricted)
rPois  .         Gourm    .     (helmet restricted)
rElec  .         Spirit   .     d - +0 cloak
rCorr  .         Warding  .     (gloves unavailable)
rMut   .         NoTele   +     (boots unavailable)
MR     .....                    (no amulet)
Stlth  ..........               q - ring of magical power
                                o - ring of invisibility

@: berserking, corroded equipment, very slightly contaminated, very quick, not
resistant to hostile enchantments, extremely unstealthy
A: unfitting armour, see invisible, herbivore 3, speed 3, slow metabolism 2
a: Burn Spellbooks, Renounce Religion, Evoke Invisibility


You were in the Dungeon.
You worshipped Trog.
Trog was noncommittal.
You were not hungry.

You visited 1 branch You collected 31 gold pieces.

Inventory:

Hand Weapons
 a - a +2 dagger (weapon)
 b - a +0 blowgun
Missiles
 e - 8 poisoned needles
 f - 2 curare-tipped needles
Armour
 c - a +0 robe (worn)
 d - a +0 cloak (worn)
Jewellery
 o - a ring of invisibility (left hand)
 q - a ring of magical power (right hand)
Scrolls
 m - a scroll of blinking
 n - a scroll of identify {unknown}
 p - a scroll of amnesia {unknown}
Potions
 h - a potion of curing
 i - a potion of heal wounds
 j - a potion of haste
 k - 2 potions of magic
 r - a potion of poison {unknown}
Comestibles
 g - a bread ration


   Skills:
 - Level 1.5 Fighting
 - Level 2.1 Short Blades
 * Level 8.6 Throwing
 - Level 1.5 Dodging
 + Level 10.6 Stealth


You had 4 spell levels left.
You didn't know any spells.

Dungeon Overview and Level Annotations

Branches:
Dungeon (1/1)

Altars:
Cheibriados
Dithmenos
Elyvilon
Gozag
Kikubaaqudgha
Makhleb
Nemelex Xobeh
Okawaru
Qazlal
Ru
Sif Muna
Trog
Vehumet
Xom
Yredelemnul
Zin
The Shining One
Beogh
Jiyva
Lugonu

Annotations:
D exclusion: oklob sapling


Innate Abilities, Weirdness & Mutations

You are tiny and cannot use many weapons and most armour.
You have supernaturally acute eyesight.
You are a herbivore.
You cover ground extremely quickly.
You need consume almost no food.


Message History

There is an open door here.
You open the door.
Marking area around the oklob sapling as unsafe for travelling.
An oklob sapling comes into view.
Found 29 gold pieces.
There is an open door here.
Okay, then.
Drink which item? (? for menu, Esc to quit)
Really quaff
l - a potion of berserk rage {!q}?
A red film seems to cover your vision as you go berserk!
You feel yourself moving faster!
You feel mighty! The oklob sapling spits acid at you.
The splash of acid hits you! The acid corrodes you!
The acid burns!
You hit the oklob sapling.
The oklob sapling is almost destroyed.
The oklob sapling spits acid at you. The splash of acid hits you!
* * * LOW HITPOINT WARNING * * *
The acid burns!
You die...

################################
#<..P#.....#.....#.⌠.........⌠.#
#PP..'.....'.#(..'._._._._._._.'
#PPPP#.....#.#...#_._._._._._._#
###############'##._._._._._._.#
+.@.#.⌠...._....⌠.#
#$P$############### #####


You could see an oklob sapling.

Vanquished Creatures
  3 oklob saplings (D)
  A worker ant (D)
  A river rat (D)
  A rat (D)
6 creatures vanquished.

Notes
Turn   | Place    | Note
--------------------------------------------------------------
     0 | D        | mopl the Spriggan Assassin began the quest for the Orb.
     0 | D        | Reached XP level 1. HP: 10/10 MP: 2/2
     8 | D        | Reached skill level 3 in Throwing
     8 | D        | Reached skill level 6 in Stealth
    10 | D        | Reached XP level 2. HP: 14/14 MP: 3/3
    18 | D        | Noticed an oklob sapling
    19 | D        | Killed an oklob sapling
    19 | D        | Reached skill level 5 in Throwing
    19 | D        | Reached skill level 8 in Stealth
    19 | D        | Reached XP level 3. HP: 18/18 MP: 4/4
    21 | D        | Noticed a worker ant
    30 | D        | Killed a worker ant
    30 | D        | Reached skill level 6 in Throwing
    54 | D        | Found a snail-covered altar of Cheibriados.
    54 | D        | Found a glowing silver altar of Zin.
    54 | D        | Found a white marble altar of Elyvilon.
    54 | D        | Found a viscous altar of Jiyva.
    54 | D        | Found a radiant altar of Vehumet.
    54 | D        | Found a deep blue altar of Sif Muna.
    54 | D        | Found an ancient bone altar of Kikubaaqudgha.
    54 | D        | Found a bloodstained altar of Trog.
    54 | D        | Found a corrupted altar of Lugonu.
    54 | D        | Noticed an oklob sapling priest
    55 | D        | Found a burning altar of Makhleb.
    55 | D        | Found a sacrificial altar of Ru.
    56 | D        | Found a glowing golden altar of the Shining One.
    56 | D        | Found a sparkling altar of Nemelex Xobeh.
    57 | D        | Found a shadowy altar of Dithmenos.
    58 | D        | Found a shimmering altar of Xom.
    58 | D        | Found an iron altar of Okawaru.
    59 | D        | Found an opulent altar of Gozag.
    60 | D        | Became a worshipper of Trog the Wrathful
    61 | D        | Found a roughly hewn altar of Beogh.
    61 | D        | Found a basalt altar of Yredelemnul.
    62 | D        | Killed an oklob sapling priest
    62 | D        | Reached skill level 7 in Throwing
    62 | D        | Reached skill level 10 in Stealth
    62 | D        | Reached XP level 4. HP: 22/22 MP: 2/5
    63 | D        | Found a stormy altar of Qazlal.
    71 | D        | Noticed an oklob sapling wizard
    74 | D        | Killed an oklob sapling wizard
    74 | D        | Reached skill level 8 in Throwing
    74 | D        | Reached XP level 5. HP: 25/25 MP: 3/6
   101 | D        | Noticed an oklob sapling
   105 | D        | Splashed by an oklob sapling's acid

Action                   |  1- 3 |  4- 6 || total
-------------------------+-------+-------++-------
Melee: Dagger            |     4 |     2 ||     6
 Fire: Blowgun           |     2 |       ||     2
 Abil: Evoke Invisibilit |     1 |       ||     1
  Use: Potion            |       |     1 ||     1
 Stab: Sleeping          |     4 |     1 ||     5
